 Dungeon Crawl Stone Soup version 0.23.1 (webtiles) character file.

Game seed: 14506754398202697480

4 Borgoz the Sneak (level 1, -1/14 HPs)
             Began as a Ghoul Enchanter on Mar 14, 2019.
             Slain by a goblin
             ... wielding a +0 dagger
              (2 damage)
             ... on level 1 of the Dungeon.
             The game lasted 00:00:47 (216 turns).

Borgoz the Sneak (Ghoul Enchanter)                   Turns: 216, Time: 00:00:47

Health: -1/14      AC:  2    Str: 11    XL:     1   Next: 60%
Magic:  2/2        EV: 12    Int: 10    God:
Gold:   0          SH:  0    Dex:  9    Spells: 2/3 levels left

rFire    . . .     SeeInvis .   a - +1 dagger
rCold    + . .     Gourm    .   (no shield)
rNeg     + + +     Faith    .   b - +0 robe
rPois    ∞         Spirit   .   (no helmet)
rElec    .         Reflect  .   (no cloak)
rCorr    .         Harm     .   (no gloves)
MR       .....                  (no boots)
Stlth    ++........             (no amulet)
HPRegen  0.00/turn              (no ring)
MPRegen  0.08/turn              (no ring)

@: rotting
A: rotting body, claws 1, carnivore, cold resistance 1, negative energy
resistance 3, inhibited regeneration, torment resistance, unbreathing
a: no special abilities


You were on level 1 of the Dungeon.
You were not hungry.

You visited 1 branch of the dungeon, and saw 1 of its levels.

Inventory:

Hand Weapons
 a - a +1 dagger (weapon)
Armour
 b - a +0 robe (worn)
Scrolls
 c - a scroll of remove curse {unknown}
Comestibles
 d - a ration
 f - 4 chunks of flesh


   Skills:
 * Level 1.1 Short Blades
 + Level 0.2 Armour
 + Level 1.8 Dodging
 + Level 3.3 Stealth
 - Level 1.7 Spellcasting
 - Level 2.4 Hexes


You had 2 spell levels left.
You knew the following spells:

 Your Spells              Type           Power        Failure   Level  Hunger
a - Corona                Hex            #......      12%         1    ##.....

Your spell library contained the following spells:

 Spells                   Type           Power        Failure   Level  Hunger
 Ensorcelled Hibernation  Hex/Ice        #.....       30%         2    ###....
 Confuse                  Hex            #.......     34%         3    ####...
 Tukima's Dance           Hex            #.......     34%         3    ####...
 Dazzling Spray           Conj/Hex       #.....       52%         3    ####...


Dungeon Overview and Level Annotations

Branches:
Dungeon (1/15)

Altars:


Innate Abilities, Weirdness & Mutations

Your body is rotting away.
You thrive on raw meat.
You are immune to poison.
You have sharp fingernails.
You are carnivorous and can eat meat at any time.
Your flesh is cold resistant. (rC+)
You are immune to negative energy. (rN+++)
You do not regenerate when monsters are visible.
You are immune to unholy pain and torment.
You can survive without breathing.


Message History

* * * LOW HITPOINT WARNING * * *
The goblin hits you.
* * * LOW HITPOINT WARNING * * *
The giant cockroach misses you.
You barely miss the jackal.
The jackal is heavily wounded.
The jackal misses you. The giant cockroach closely misses you.
The goblin hits you but does no damage. The goblin barely misses you.
You hit the jackal.
The jackal is almost dead.
The jackal closely misses you. The giant cockroach closely misses you.
The jackal barely misses you. The goblin barely misses you.
The goblin closely misses you.
You hit the jackal but do no damage.
The jackal is almost dead.
The giant cockroach closely misses you. The jackal closely misses you.
You barely miss the jackal.
The jackal is almost dead.
The goblin barely misses you. The goblin hits you with a +0 dagger.
You die...

####### #......##
........## ..........#
##########.........÷#
#......!##..........#####
#......g##...............
#.....hs@h..........#....
#!....rg###..............
.......h##..........#....
#........%..........#...)
##.#...##g..........#....
#. #>####...........#....
. #.. #..........?.#....
#.. #...##.....(.....###
#.# #.##..........#.##


You could see 3 jackals, a giant cockroach, 2 goblins and a rat.

Vanquished Creatures
  A goblin (D:1)
  A hobgoblin (D:1)
  2 kobolds (D:1)
4 creatures vanquished.

Notes
Turn   | Place    | Note
-------+----------+-------------------------------------------
     0 | D:1      | Borgoz the Ghoul Enchanter began the quest for the Orb.
     0 | D:1      | Reached XP level 1. HP: 14/14 MP: 2/2
    56 | D:1      | Reached skill level 1 in Short Blades
   216 | D:1      | Slain by a goblin

Skill      XL: |  1 |
---------------+----+-----
Short Blades   | 1 |  1.1
Armour         | |  0.2
Dodging        | |  1.8
Stealth        | |  3.3
Spellcasting   | |  1.7
Hexes          | |  2.4

Action                   || total
-------------------------++-------
Melee: Dagger            ||    17
  Eat: Chunk             ||     2
Armor: Robe              ||     2
Dodge: Dodged            ||    18
